 Dungeon Crawl Stone Soup version 0.13-a0-2519-g3c5fe84 (webtiles) character file.

442 4tharraofdagon the Digger (level 6, -4/32 HPs)
             Began as a Gargoyle Earth Elementalist on July 24, 2013.
             Was an Initiate of Vehumet.
             Killed by divine providence
             ... invoked by an orc priest
              (12 damage)
             ... on Level 6 of the Dungeon.
             The game lasted 00:08:58 (1280 turns).

4tharraofdagon the Digger (GrEE)                    Turns: 1280, Time: 00:08:58

HP  -4/32        AC 11     Str 11      XL: 6   Next: 52%
MP   9/14        EV 10     Int 18      God: Vehumet [......]
Gold 111         SH  0     Dex 10      Spells:  3 memorised,  4 levels left

Res.Fire  : + . .   See Invis. : .   (no weapon)
Res.Cold  : . . .   Warding    : .   p - +0 elf leather armour
Life Prot.: + . .   Conserve   : .   (no shield)
Res.Poison: +       Res.Corr.  : .   (no helmet)
Res.Elec. : +       Clarity    : .   (no cloak)
Sust.Abil.: . .     Spirit.Shd : .   t - +0 pair of gloves "Poageu" {MR++}
Res.Mut.  : .       Stasis     : .   (no boots)
Res.Rott. : +       Flight     : .   (no amulet)
Saprovore : . . .                    (no ring)
                                     e - ring of protection from fire {unknown}

@: very resistant to hostile enchantments, unstealthy
A: fangs 1, talons 2, life protection 1, electricity resistance, slow metabolism
1, unbreathing, petrification resistance, AC +7
a: Renounce Religion


You were on level 6 of the Dungeon.
You worshipped Vehumet.
Vehumet was pleased with you.
You were not hungry.

You visited 1 branch of the dungeon, and saw 6 of its levels.

You collected 91 gold pieces.

Inventory:

Armour
 c - a +0 robe
 n - a +0 leather armour
 p - a +0 elven leather armour (worn)
 t - the +0 pair of gloves "Poageu" (worn) {MR++}
   (You found it on level 5 of the Dungeon)

   It affects your resistance to hostile enchantments.
Comestibles
 a - a bread ration
 b - a choko
 f - a cheese
 g - a chunk of orc flesh
Scrolls
 h - a scroll of magic mapping {unknown}
 i - 2 scrolls of teleportation {unknown}
 j - 2 scrolls of curse armour {unknown}
 l - a scroll of amnesia {unknown}
 q - 2 scrolls of identify {unknown}
 u - a scroll of blinking {unknown}
 v - a scroll of remove curse {unknown}
 w - a scroll of noise {unknown}
Jewellery
 e - a ring of protection from fire (left hand) {unknown}
Potions
 k - a potion of agility {unknown}
 m - a potion of heal wounds {unknown}
 o - a potion of blood {unknown}
 x - a potion of restore abilities {unknown}
Books
 d - a book of Geomancy

   Spells                             Type                      Level
   *Sandblast                         Earth                        1
   Stoneskin                          Transmutation/Earth          2
   Passwall                           Transmutation/Earth          3
   *Stone Arrow                       Conjuration/Earth            3
   Petrify                            Transmutation/Earth          4
   *Lee's Rapid Deconstruction        Earth                        5
 r - a book of the Dragon

   Spells                             Type                      Level
   Flight                             Charms/Air                   3
   Cause Fear                         Hexes                        4
   Bolt of Fire                       Conjuration/Fire             6
   Dragon Form                        Transmutation                7
   Summon Dragon                      Summoning                    9


   Skills:
 - Level 1.5 Dodging
 - Level 2.1 Stealth
 * Level 4.0 Spellcasting
   Level 0.7 Transmutations
 + Level 7.2 Earth Magic


You had 4 spell levels left.
You knew the following spells:

 Your Spells              Type           Power        Failure   Level  Hunger
a - Sandblast             Erth           ####..       1%          1    None
b - Lee's Rapid Deconstr  Erth           ####......   24%         5    #####..
c - Stone Arrow           Conj/Erth      ###...       12%         3    ###....


Dungeon Overview and Level Annotations

Branches:
Dungeon (6/27)
 Temple: D:4-7          Orc: D:6-11

Altars:
Cheibriados
Elyvilon
Kikubaaqudgha
Nemelex Xobeh
Vehumet


Innate Abilities, Weirdness & Mutations

You are resistant to torment.
You are immune to poison.
Your stone body is very resilient (AC +7).
You have very sharp teeth.
You have razor-sharp toenails.
You resist negative energy.
You are resistant to electric shocks.
You have a slow metabolism.
You can survive without breathing.
You are immune to petrification.


Message History

Aiming: Stone Arrow
Press: ? - help, Shift-Dir - straight line, f - orc
Aim: an orc, wielding an orcish trident The stone arrow hits the orc.
You kill the orc!
Vehumet accepts your kill.
You now have 93 gold pieces (gained 4).
Things that are here:
an orcish hammer; an orcish chain mail There isn't anything to butcher here.
i - 2 scrolls labeled LOOVOY BLOSEE (gained 1)
You now have 111 gold pieces (gained 18).
You see here an orcish trident.
The orc priest shouts!
The orc priest invokes the aid of Beogh against you.
Something smites you!
* * * LOW HITPOINT WARNING * * *
The orc priest mumbles some strange prayers to Beogh against you.
Something smites you!
You die...

#########################
#...........##..........#
#.#########.............#
#)#.#....))..#.@........#
#.#.#.#####..#.o........#
#...#.# ....#..........#
#.#.#.# #########'#######
#.#...# #..# #######
##.#### #....# ####$#
####.####


You could see an orc priest.

Vanquished Creatures
  A sky beast (D:6)
  An ogre (D:5)
  A scorpion (D:5)
  A worker ant (D:5)
  An iguana (D:5)
  A jelly (D:6)
  A worker ant zombie (D:5)
  An adder (D:5)
  A giant eyeball (D:6)
  An ooze (D:5)
  5 orcs (D:6)
  3 giant cockroaches
  5 goblins
  4 hobgoblins
  A kobold (D:5)
  3 bats
  A quokka (D:5)
  3 rats
35 creatures vanquished.

Notes
Turn   | Place    | Note
--------------------------------------------------------------
     0 | D:1      | 4tharraofdagon, the Gargoyle Earth Elementalist, began the quest for the Orb.
     0 | D:1      | Reached XP level 1. HP: 10/10 MP: 3/3
   180 | D:3      | Reached XP level 2. HP: 9/15 MP: 1/4
   328 | D:5      | Entered Level 5 of the Dungeon
   385 | D:5      | Found a radiant altar of Vehumet.
   386 | D:5      | Noticed an ogre
   388 | D:5      | Found a snail-covered altar of Cheibriados.
   388 | D:5      | Found an ancient bone altar of Kikubaaqudgha.
   410 | D:5      | Killed an ogre
   410 | D:5      | Reached skill level 6 in Earth Magic
   410 | D:5      | Reached XP level 3. HP: 19/19 MP: 1/6
   410 | D:5      | Reached XP level 4. HP: 24/24 MP: 1/8
   438 | D:5      | Reached XP level 5. HP: 23/28 MP: 1/10
   475 | D:5      | Became a worshipper of Vehumet
   493 | D:5      | Learned a level 5 spell: Lee's Rapid Deconstruction
   561 | D:5      | Learned a level 3 spell: Stone Arrow
   582 | D:6      | Paralysed by a giant eyeball for 2 turns
   591 | D:6      | Paralysed by a giant eyeball for 2 turns
   598 | D:6      | Paralysed by a giant eyeball for 2 turns
   770 | D:5      | Got a pair of pitted gloves
   773 | D:5      | Identified the +0 pair of gloves "Poageu" {MR++} (You found it on level 5 of the Dungeon)
   964 | D:6      | Noticed a sky beast
  1037 | D:6      | Killed a sky beast
  1037 | D:6      | Reached skill level 7 in Earth Magic
  1037 | D:6      | Reached XP level 6. HP: 19/32 MP: 3/13
  1058 | D:6      | Found a white marble altar of Elyvilon.
  1058 | D:6      | Found a sparkling altar of Nemelex Xobeh.
  1280 | D:6      | Killed from afar by an orc priest

Action                   |  1- 3 |  4- 6 || total
-------------------------+-------+-------++-------
Melee: Unarmed           |    39 |    39 ||    78
 Cast: Sandblast         |    17 |    40 ||    57
       Stone Arrow       |       |    10 ||    10
